 Dungeon Crawl Stone Soup version 0.26-a0-70-g31f1466007 (webtiles) character file.

Game seed: 3342806531890426549

60 ICC the Chopper (level 3, 0/34 HPs)
             Began as a Deep Dwarf Fighter on June 14, 2020.
             Slain by a bullfrog (1 damage)
             ... on level 3 of the Dungeon.
             The game lasted 00:08:19 (1300 turns).

ICC the Chopper (Deep Dwarf Fighter)                Turns: 1300, Time: 00:08:20

Health: 0/34       AC:  6    Str: 20    XL:     3   Next: 82%
Magic:  3/3        EV:  9    Int:  8    God:
Gold:   116        SH:  4    Dex: 12    Spells: 2/2 levels left

rFire    . . .     SeeInvis .   a - +0 war axe
rCold    . . .     Gourm    .   q - +0 buckler
rNeg     . . .     Faith    .   b - +0 scale mail
rPois    .         Spirit   .   (no helmet)
rElec    .         Reflect  .   (no cloak)
rCorr    +         Harm     .   (no gloves)
MR       .....                  (no boots)
Stlth    ..........             (no amulet)
HPRegen  0.00/turn              g - ring of resist corrosion
MPRegen  0.08/turn              (no ring)

@: non-regenerating
A: damage resistance, heal wounds, sense surroundings 1, no regeneration
a: Heal Wounds


You were on level 3 of the Dungeon.
You were not hungry.

You visited 1 branch of the dungeon, and saw 3 of its levels.

You collected 116 gold pieces.

Inventory:

Hand Weapons
 a - a +0 war axe (weapon)
Missiles
 l - 49 stones (quivered)
 u - 6 javelins
Armour
 b - a +0 scale mail (worn)
 q - a +0 buckler (worn)
Jewellery
 g - a ring of resist corrosion (left hand)
Scrolls
 c - a scroll of enchant weapon {unknown}
 h - 4 scrolls of identify {unknown}
 i - a scroll of immolation {unknown}
 m - 2 scrolls of remove curse {unknown}
 p - a scroll of fear {unknown}
 s - a scroll of teleportation {unknown}
 t - a scroll of fog {unknown}
 w - a scroll of random uselessness {unknown}
Potions
 d - a potion of might
 e - a potion of brilliance {unknown}
 j - a potion of degeneration {unknown}
 k - a potion of flight {unknown}
 n - 3 potions of curing {unknown}
 o - 3 potions of heal wounds {unknown}
 r - a potion of stabbing {unknown}
 v - a potion of lignification {unknown}
Comestibles
 f - 7 rations


   Skills:
 - Level 3.0 Fighting
 + Level 4.0 Axes
 + Level 1.1 Throwing
 - Level 3.2 Armour
 + Level 3.3 Shields


You had 2 spell levels left.
You didn't know any spells.
Your spell library was empty.

Dungeon Overview and Level Annotations

Branches:
Dungeon (3/15)

Altars:


Innate Abilities, Weirdness & Mutations

You are resistant to damage.
You can heal yourself by infusing magical energy.
You passively map a small area around you.
You do not regenerate.


Message History

You closely miss the bullfrog. You barely miss the worm.
You block the bullfrog's attack. The bullfrog closely misses you.
The worm bites you.
* * * LOW HITPOINT WARNING * * *
You hit the bullfrog but do no damage. You hit the worm but do no damage.
The bullfrog hits you.
* * * LOW HITPOINT WARNING * * *
The bullfrog misses you. You block the worm's attack.
You barely miss the bullfrog. You slash the worm!
The bullfrog barely misses you. The bullfrog hits you.
* * * LOW HITPOINT WARNING * * *
A goblin comes into view. It is wielding a +0 dagger.
The worm bites you.
* * * LOW HITPOINT WARNING * * *
You completely miss the bullfrog.
The goblin shouts!
You slash the worm!
You kill the worm!
The bullfrog hits you.
You die...

, , , ####, ## ,
,, ** , .(.. ,..#
((. ,..# . , ,
**#(. ..# ..
#..###.##!.. , *
#g.†(....... ,
#@†..# ,, #F.#..#
* * #..# .#* ## *
, #g.# ... . ,
##..# *##... *
...##...####...# ,
,........(....#.#
...#...........#
......###..###.#..


You could see a bullfrog, a hobgoblin and a goblin.

Vanquished Creatures
  An adder (D:2)
  A worm (D:3)
  A dart slug (D:2)
  3 bats
  A giant cockroach (D:1)
  6 goblins
  7 hobgoblins
  6 jackals
  3 ball pythons
  A frilled lizard (D:2)
  5 kobolds
  10 rats
45 creatures vanquished.

Notes
Turn   | Place    | Note
-------+----------+-------------------------------------------
     0 | D:1      | ICC the Deep Dwarf Fighter began the quest for the Orb.
     0 | D:1      | Reached XP level 1. HP: 20/20 MP: 1/1
   143 | D:1      | Reached skill level 3 in Axes
   145 | D:1      | Reached XP level 2. HP: 22/27 MP: 2/2
   670 | D:2      | Reached XP level 3. HP: 21/33 MP: 3/3
  1286 | D:3      | Reached skill level 1 in Throwing
  1292 | D:3      | Noticed a bullfrog
  1294 | D:3      | Reached skill level 4 in Axes
  1299 | D:3      | HP: 1/34 [worm (4)]
  1300 | D:3      | Slain by a bullfrog

Illustrated notes

Levels and vault maps discovered:
D:1:      scummos_arrival_gate, layout_basic
D:2:      layout_basic, minmay_misc_feat_encased
D:3:      layout_rooms, nemelex_xobeh_ov_fountains_minmay,
          chequers_ecumenical_altar_simple, uniq_robin, uniq_terence

Skill      XL: |  1  2  3 |
---------------+----------+-----
Axes           | 3 4 |  4.0
Fighting       | 3 |  3.0
Throwing       | 1 |  1.1
Armour         | |  3.2
Shields        | |  3.3

Action                   || total
-------------------------++-------
Melee: War axe           ||   105
Throw: Stone             ||    56
       Javelin           ||     1
  Eat: Chunk             ||     1
Armor: Scale mail        ||    42
Dodge: Dodged            ||    78
Block: Buckler           ||     5

Table legend:
 A = Non-vault XP
 B = Vault XP
 C = Vault XP percentage of total XP
 D = Non-vault monster count
 E = Vault monster count
 F = Vault count percentage of total count
                 A         B        C        D         E       F
            +---------+---------+-------+---------+---------+-------
      Total |      87 |       0 |   0.0 |      45 |       0 |   0.0
            +---------+---------+-------+---------+---------+-------
        D:1 |      39 |       0 |   0.0 |      25 |       0 |   0.0
        D:2 |      37 |       0 |   0.0 |      16 |       0 |   0.0
        D:3 |      11 |       0 |   0.0 |       4 |       0 |   0.0
            +---------+---------+-------+---------+---------+-------
